 Dungeon Crawl Stone Soup version 0.25-a0-869-g05d4e06a41 (webtiles) character file.

Game seed: 2010299821351521221, levelgen mode: deterministic

22342 gruber the Fighter (level 12, -2/94 (97) HPs)
             Began as a Gnoll Wanderer on Apr 30, 2020.
             Was a High Priest of Okawaru.
             Slain by Jorgrun
             ... wielding a +0 vorpal quarterstaff
              (9 damage)
             ... on level 13 of the Dungeon.
             The game lasted 00:18:58 (10490 turns).

gruber the Fighter (Gnoll Wanderer)                Turns: 10490, Time: 00:18:59

HP:   -2/94 (97)    AC: 18    Str: 17    XL:     12   Next: 99%
MP:   19/23         EV: 17    Int: 18    God:    Okawaru [*****.]
Gold: 670           SH:  0    Dex: 16    Spells: 25/26 levels left

rFire    . . .     SeeInvis +   v - +10 long sword "Buolo" {vorpal, Dex+2 SInv Stlth-}
rCold    . . .     Gourm    .   (no shield)
rNeg     + . .     Faith    .   z - +0 ring mail {rN+}
rPois    +         Spirit   .   A - +0 helmet
rElec    .         Reflect  .   j - +1 cloak {rPois}
rCorr    .         Harm     .   U - +3 pair of gauntlets of War {Slay+5}
MR       .....                  O - +0 pair of boots
Stlth    ++++......             (no amulet)
HPRegen  0.25/turn              D - ring of flight
MPRegen  0.18/turn              (no ring)

@: heroism, finesse, grasped by roots, constricted
A: distributed training, fangs 1, strong nose
a: Heroism, Finesse, Renounce Religion, Evoke Flight


You were on level 13 of the Dungeon.
You worshipped Okawaru.
Okawaru was extremely pleased with you.
You were not hungry.

You visited 2 branches of the dungeon, and saw 15 of its levels.

You collected 768 gold pieces.
You spent 98 gold pieces at shops.

Inventory:

Hand Weapons
 v - the +10 long sword "Buolo" (weapon) {vorpal, Dex+2 SInv Stlth-}
   (You found it on level 4 of the Dungeon)

   It inflicts extra damage upon your enemies.
   It affects your dexterity (+2).
   It lets you see invisible.
   It makes you less stealthy.
 y - the +9 morningstar "Yschei" {holy, rElec rF++ MP-9 Int+4}
   (You found it on level 5 of the Dungeon)

   It has been blessed by the Shining One to cause great damage to the undead
   and demons.
   It affects your intelligence (+4).
   It greatly protects you from fire.
   It insulates you from electricity.
   It affects your magic capacity (-9).
 I - the +9 rapier "Foiziem" {antimagic, MR- Int-4 Dex+8}
   (You found it on level 7 of the Dungeon)

   It reduces the magical energy of the wielder, and disrupts the spells and
   magical abilities of those hit.
   Natural abilities and divine invocations are not affected.
   It affects your intelligence (-4).
   It affects your dexterity (+8).
   It affects your resistance to hostile enchantments.
Missiles
 e - 13 atropa-tipped darts
 k - 28 boomerangs
 o - 94 poisoned darts (quivered)
 C - 6 silver boomerangs
 M - 4 boomerangs of dispersal
Armour
 j - a +1 cloak of poison resistance (worn)
 z - a +0 ring mail of positive energy (worn)
 A - a +0 helmet (worn)
 O - a +0 pair of boots (worn)
 U - the +3 pair of gauntlets of War (worn) {Slay+5}
   (Okawaru gifted it to you on level 13 of the Dungeon)

   It affects your accuracy and damage with ranged weapons and melee attacks
   (+5).
Jewellery
 w - an uncursed ring of ice
 D - a ring of flight (left hand)
 N - an uncursed ring of positive energy
 S - an uncursed amulet of regeneration {unknown}
Wands
 p - a wand of flame (47)
 E - a wand of clouds (5)
 F - a wand of enslavement (10)
 J - a wand of digging (7)
 P - a wand of iceblast (7)
 Q - a wand of polymorph (10)
 T - a wand of paralysis (16)
Scrolls
 a - 3 scrolls of magic mapping {unknown}
 f - a scroll of blinking {unknown}
 g - 5 scrolls of enchant weapon {unknown}
 i - 9 scrolls of identify
 q - 8 scrolls of teleportation {unknown}
 r - 2 scrolls of fog {unknown}
 s - 3 scrolls of amnesia {unknown}
 t - 8 scrolls of remove curse {unknown}
 B - a scroll of silence {unknown}
 L - a scroll of noise {unknown}
 R - a scroll of vulnerability {unknown}
Potions
 b - 2 potions of lignification
 c - 2 potions of invisibility {unknown}
 h - 4 potions of degeneration {unknown}
 l - 4 potions of flight {unknown}
 m - 3 potions of brilliance {unknown}
 n - a potion of ambrosia {unknown}
 u - 6 potions of curing {unknown}
 x - a potion of might {unknown}
 G - a potion of berserk rage {unknown}
 H - 2 potions of haste {unknown}
 K - 3 potions of heal wounds {unknown}
Comestibles
 d - 21 rations


   Skills:
 + Level 10.1(15.1) Fighting
 + Level 7.7(12.7) Short Blades
 + Level 7.7(12.7) Long Blades
 + Level 7.7(12.7) Axes
 + Level 8.1(13.1) Maces & Flails
 + Level 7.7(12.7) Polearms
 + Level 8.1(13.1) Staves
 + Level 7.7(12.7) Slings
 + Level 7.7(12.7) Bows
 + Level 7.7(12.7) Crossbows
 + Level 8.1(13.1) Throwing
 + Level 9.0(14.0) Armour
 + Level 8.1(13.1) Dodging
 + Level 8.1(13.1) Stealth
 + Level 7.7(12.7) Shields
 + Level 7.7(12.7) Unarmed Combat
 + Level 7.7 Spellcasting
 + Level 6.3 Conjurations
 + Level 6.3 Hexes
 + Level 6.3 Charms
 + Level 6.3 Summonings
 + Level 6.3 Necromancy
 + Level 6.3 Translocations
 + Level 6.3 Transmutations
 + Level 6.3 Fire Magic
 + Level 6.3 Ice Magic
 + Level 6.3 Air Magic
 + Level 6.3 Earth Magic
 + Level 6.3 Poison Magic
 + Level 8.4 Invocations
 + Level 7.7 Evocations


You had 25 spell levels left.
You knew the following spells:

 Your Spells              Type           Power        Failure   Level  Hunger
a - Summon Butterflies    Summ           ####....     1%          1    None

Your spell library contained the following spells:

 Spells                   Type           Power        Failure   Level  Hunger
 Animate Skeleton         Necr           N/A          1%          1    None
 Apportation              Tloc           ####..       1%          1    None
 Beastly Appendage        Tmut           ####..       1%          1    None
 Corona                   Hex            ####...      1%          1    None
 Summon Small Mammal      Summ           ####         1%          1    None
 Corpse Rot               Necr/Air       N/A          1%          2    None
 Poisonous Vapours        Pois/Air       ####..       1%          2    None
 Sticks to Snakes         Tmut           ####....     1%          2    None
 Call Canine Familiar     Summ           ####....     3%          3    #......
 Spider Form              Tmut/Pois      ####......   3%          3    #......
 Cause Fear               Hex            ####......   11%         4    ###....
 Ice Form                 Ice/Tmut       ####....     11%         4    ###....
 Summon Ice Beast         Ice/Summ       ####....     11%         4    ###....
 Blade Hands              Tmut           ####......   30%         5    #####..
 Silence                  Hex/Air        ####......   30%         5    #####..
 Summon Demon             Summ           ####......   30%         5    #####..
 Summon Mana Viper        Hex/Summ       ####....     30%         5    #####..
 Yara's Violent Unravell  Hex/Tmut       ####......   30%         5    #####..
 Summon Hydra             Summ           ####......   100%        7    #######
 Discord                  Hex            ####......   100%        8    #######


Dungeon Overview and Level Annotations

Branches:
Dungeon (14/15)            Temple (1/1) D:4            Lair (0/6) D:8
    Orc (0/2) D:12         Vaults (0/5) D:13

Altars:
Ashenzari
Cheibriados
Dithmenos
Elyvilon
Fedhas
Gozag
Hepliaklqana
Kikubaaqudgha
Makhleb
Nemelex Xobeh
Okawaru
Qazlal
Ru
Sif Muna
Trog
Uskayaw
Vehumet
Wu Jian
Xom
Yredelemnul
Zin
The Shining One

Shops:
D:5 }   D:10 [

Portals:
Abyss: D:3

Annotations:
D:3 2 transporters, MIKEmikeMIKE's ghost, amateur OgBe
D:13 Jorgrun


Innate Abilities, Weirdness & Mutations

Your experience applies equally to all skills.
You have very sharp teeth.
Your uncanny sense of smell can sniff out nearby items.


Message History

You completely miss Jorgrun. Your bite misses Jorgrun.
Jorgrun is lightly wounded.
You hit Jorgrun.
Jorgrun is lightly wounded.
You miss Jorgrun.
Jorgrun is lightly wounded.
Jorgrun hits you with a +0 vorpal quarterstaff.
* * * LOW HITPOINT WARNING * * *
The grasping roots constrict you!
You slice Jorgrun!!
Jorgrun is heavily wounded.
The ice beast misses you.
You hit Jorgrun. Your punch misses Jorgrun.
Jorgrun is heavily wounded.
You slash Jorgrun!
Jorgrun is severely wounded.
Jorgrun casts a spell at you.
The wall shatters!
The blast of rock fragments hits you!
* * * LOW HITPOINT WARNING * * *
You die...

#.... #.... #.... ######....
#......... #.###..... #.###.....
########################.).......
................@g().))).Y.......
######.....###...Y...)##...#..#.#
######.....#.....####[#######.#.#
.....#.....#.###.# #)# ....#
####.#.....#.# #.# #.### ####.#
#.....#.# #.####...# #..
#.....#.# #........# ###
+.....'.# #........#
#.....#####.....(..#


You could see Jorgrun and an ice beast.

Vanquished Creatures
  Frances (D:13)
  A deep elf annihilator (D:11)
  4 two-headed ogres
  2 dancing weapons (D:13)
  An unseen horror (D:11)
  2 wizards (D:11)
  A wolf spider zombie (D:13)
  2 ugly things
  2 manticores (D:12)
  A cyclops (D:12)
  2 kobold demonologists (D:13)
  5 hippogriffs
  A wyvern (D:8)
  10 yaks
  Eustachio (D:5)
  A basilisk (D:8)
  A human (D:12)
  A hungry ghost (D:12)
  2 vampire mosquitoes (D:13)
  An acid dragon (D:12)
  2 water moccasins
  2 wargs (D:12)
  Edmund (D:4)
  A soldier ant (D:13)
  Duvessa (D:6)
  2 porcupines (D:8)
  4 black bears
  4 sky beasts
  An orc warrior (D:6)
  An ice beast (D:10)
  6 ogres
  3 phantoms
  An eye of draining (D:11)
  6 necrophages (D:8)
  9 centaurs
  5 big kobolds
  3 crocodiles (D:8)
  10 bullfrogs
  A wyvern skeleton (D:9)
  8 scorpions
  9 killer bees
  Dowan (D:6)
  2 wights (D:8)
  4 howler monkeys
  5 crimson imps
  8 hounds
  A quasit (D:14)
  A bullfrog zombie (D:7)
  2 bullfrog skeletons
  A jelly (D:9)
  6 orc priests
  Ijyb (D:4)
  4 centaur skeletons
  4 centaur zombies
  5 orc wizards
  Jessica (D:2)
  2 iguanas (D:9)
  12 worker ants
  A killer bee zombie (D:6)
  A hound zombie (D:8)
  A mummy (D:8)
  2 worker ant zombies
  4 gnolls (D:4)
  17 adders
  4 shadow imps
  2 oozes
  An adder zombie (D:8)
  An adder skeleton (D:6)
  2 worms (D:2)
  2 dart slugs
  2 leopard geckos
  39 orcs
  8 bats
  4 giant cockroaches
  10 goblins
  8 hobgoblins
  20 jackals
  5 quokkas
  A ball python (D:1)
  A ball python skeleton (D:4)
  2 frilled lizards
  2 jackal zombies
  45 kobolds
  A leopard gecko skeleton (D:5)
  2 leopard gecko zombies
  A quokka skeleton (D:5)
  A quokka zombie (D:5)
  5 rats
377 creatures vanquished.

Vanquished Creatures (others)
  An orc (D:11)
  3 plants (D:8)
  A withered plant (D:8)
5 creatures vanquished.

Grand Total: 382 creatures vanquished

Notes
Turn   | Place    | Note
-------+----------+-------------------------------------------
     0 | D:1      | gruber the Gnoll Wanderer began the quest for the Orb.
     0 | D:1      | gruber set off with the following items: a +2 quarterstaff,
                  | a potion of lignification, a +0 ring mail, a ration
     0 | D:1      | Reached XP level 1. HP: 23/23 MP: 1/1
   106 | D:1      | Reached XP level 2. HP: 29/29 MP: 2/2
   783 | D:2      | Reached XP level 3. HP: 33/35 MP: 3/3
  1122 | D:2      | Reached skill level 1 in Invocations
  1234 | D:2      | Noticed Jessica
  1243 | D:2      | Killed Jessica
  1243 | D:2      | Reached skill level 1 in Short Blades
  1243 | D:2      | Reached skill level 1 in Long Blades
  1243 | D:2      | Reached skill level 1 in Axes
  1243 | D:2      | Reached skill level 1 in Polearms
  1243 | D:2      | Reached skill level 1 in Slings
  1243 | D:2      | Reached skill level 1 in Bows
  1243 | D:2      | Reached skill level 1 in Crossbows
  1243 | D:2      | Reached skill level 1 in Shields
  1243 | D:2      | Reached skill level 1 in Unarmed Combat
  1243 | D:2      | Reached skill level 1 in Spellcasting
  1243 | D:2      | Reached skill level 1 in Evocations
  1243 | D:2      | Reached XP level 4. HP: 34/41 MP: 5/5
  1686 | D:3      | Reached skill level 1 in Conjurations
  1686 | D:3      | Reached skill level 1 in Hexes
  1686 | D:3      | Reached skill level 1 in Charms
  1686 | D:3      | Reached skill level 1 in Summonings
  1686 | D:3      | Reached skill level 1 in Necromancy
  1686 | D:3      | Reached skill level 1 in Translocations
  1686 | D:3      | Reached skill level 1 in Transmutations
  1686 | D:3      | Reached skill level 1 in Fire Magic
  1686 | D:3      | Reached skill level 1 in Ice Magic
  1686 | D:3      | Reached skill level 1 in Air Magic
  1686 | D:3      | Reached skill level 1 in Earth Magic
  1686 | D:3      | Reached skill level 1 in Poison Magic
  1769 | D:3      | Found an ornate altar of the Wu Jian Council.
  1878 | D:3      | Reached XP level 5. HP: 47/47 MP: 6/6
  1987 | D:3      | Noticed a small abomination
  1988 | D:3      | Noticed MIKEmikeMIKE's ghost (amateur OgBe)
  2000 | D:3      | Noticed a toenail golem
  2014 | D:3      | Found a transporter.
  2054 | D:3      | Found a transporter.
  2057 | D:3      | Found a one-way gate to the infinite horrors of the Abyss.
  2132 | D:4      | Noticed Ijyb
  2152 | D:4      | Killed Ijyb
  2448 | D:4      | Found a staircase to the Ecumenical Temple.
  2482 | D:4      | Reached XP level 6. HP: 52/53 MP: 8/8
  2562 | D:4      | Got a transparent long sword
  2563 | D:4      | Identified the +10 long sword "Buolo" {vorpal, Dex+2 SInv
                  | Stlth-} (You found it on level 4 of the Dungeon)
  2624 | D:4      | Found a hide-covered altar of Uskayaw.
  2624 | D:4      | Found a shimmering altar of Xom.
  2634 | D:4      | Noticed a phantom
  2640 | D:4      | Killed a phantom
  2640 | D:4      | Reached skill level 5 in Armour
  2653 | D:4      | Noticed Edmund
  2670 | D:4      | Killed Edmund
  2670 | D:4      | Reached skill level 7 in Fighting
  2670 | D:4      | Reached XP level 7. HP: 41/60 MP: 10/10
  2722 | D:4      | Found a sparkling altar of Nemelex Xobeh.
  2926 | D:5      | Entered Level 5 of the Dungeon
  2929 | D:5      | Found a glowing silver altar of Zin.
  2939 | D:5      | Noticed Eustachio
  2949 | D:5      | Killed Eustachio
  2949 | D:5      | Reached XP level 8. HP: 55/67 MP: 10/12
  2977 | D:5      | Found a burning altar of Makhleb.
  2977 | D:5      | Found a shadowy altar of Dithmenos.
  3046 | Temple   | Entered the Ecumenical Temple
  3225 | Temple   | Became a worshipper of Warmaster Okawaru
  3288 | D:5      | Found Xatafent's Gadget Shoppe.
  3379 | D:5      | Got a pitted morningstar
  3380 | D:5      | Identified the +9 morningstar "Yschei" {holy, rElec rF++
                  | MP-9 Int+4} (You found it on level 5 of the Dungeon)
  3834 | D:6      | Reached * piety under Okawaru
  4160 | D:6      | You fall into a shaft and drop 3 floors!
  4170 | D:9      | Reached XP level 9. HP: 60/72 MP: 14/14
  4544 | D:8      | Reached ** piety under Okawaru
  4593 | D:8      | Reached skill level 5 in Maces & Flails
  4593 | D:8      | Reached skill level 5 in Staves
  4593 | D:8      | Reached skill level 5 in Throwing
  4593 | D:8      | Reached skill level 5 in Dodging
  4827 | D:8      | Reached skill level 5 in Stealth
  4847 | D:8      | Reached skill level 8 in Fighting
  4863 | D:8      | Found a staircase to the Lair.
  4875 | D:8      | Reached skill level 5 in Invocations
  4902 | D:8      | Reached XP level 10. HP: 27/80 MP: 14/17
  5041 | D:8      | Reached *** piety under Okawaru
  5316 | D:8      | Reached skill level 5 in Short Blades
  5316 | D:8      | Reached skill level 5 in Long Blades
  5316 | D:8      | Reached skill level 5 in Axes
  5316 | D:8      | Reached skill level 5 in Polearms
  5316 | D:8      | Reached skill level 5 in Slings
  5316 | D:8      | Reached skill level 5 in Bows
  5316 | D:8      | Reached skill level 5 in Crossbows
  5316 | D:8      | Reached skill level 5 in Shields
  5316 | D:8      | Reached skill level 5 in Unarmed Combat
  5316 | D:8      | Reached skill level 5 in Spellcasting
  5316 | D:8      | Reached skill level 5 in Evocations
  5740 | D:7      | Reached **** piety under Okawaru
  5841 | D:7      | Got a polished rapier
  5842 | D:7      | Identified the +9 rapier "Foiziem" {antimagic, MR- Int-4
                  | Dex+8} (You found it on level 7 of the Dungeon)
  5875 | D:7      | Found a stormy altar of Qazlal.
  6011 | D:7      | Learned a level 1 spell: Summon Butterflies
  6353 | D:7      | Found a white marble altar of Elyvilon.
  6688 | D:6      | Noticed Duvessa
  6688 | D:6      | Noticed Dowan
  6694 | D:6      | Killed Dowan
  6745 | D:6      | Killed Duvessa
  7107 | D:9      | Reached XP level 11. HP: 42/84 MP: 19/19
  7654 | D:10     | Entered Level 10 of the Dungeon
  7831 | D:10     | Found Ehouhagh's Armour Boutique.
  7837 | D:10     | Bought a +0 pair of gloves for 49 gold pieces
  7837 | D:10     | Bought a +0 pair of boots for 49 gold pieces
  8003 | D:10     | Noticed a two-headed ogre
  8003 | D:10     | Noticed a two-headed ogre
  8009 | D:10     | Killed a two-headed ogre
  8009 | D:10     | Reached ***** piety under Okawaru
  8009 | D:10     | Received a gift from Okawaru
  8009 | D:10     | Reached skill level 9 in Fighting
  8009 | D:10     | Reached skill level 5 in Conjurations
  8009 | D:10     | Reached skill level 5 in Hexes
  8009 | D:10     | Reached skill level 5 in Charms
  8009 | D:10     | Reached skill level 5 in Summonings
  8009 | D:10     | Reached skill level 5 in Necromancy
  8009 | D:10     | Reached skill level 5 in Translocations
  8009 | D:10     | Reached skill level 5 in Transmutations
  8009 | D:10     | Reached skill level 5 in Fire Magic
  8009 | D:10     | Reached skill level 5 in Ice Magic
  8009 | D:10     | Reached skill level 5 in Air Magic
  8009 | D:10     | Reached skill level 5 in Earth Magic
  8009 | D:10     | Reached skill level 5 in Poison Magic
  8014 | D:10     | Killed a two-headed ogre
  8032 | D:10     | Got a shimmering dagger
  8033 | D:10     | Identified the +6 dagger "Jiceju" {holy, rF+} (You found it
                  | on level 10 of the Dungeon)
  8124 | D:11     | Found a shadowy altar of Dithmenos.
  8147 | D:11     | Noticed a two-headed ogre
  8157 | D:11     | Killed a two-headed ogre
  8340 | D:11     | Noticed a wizard
  8341 | D:11     | Noticed a deep elf annihilator
  8341 | D:11     | Noticed a wizard
  8355 | D:11     | Killed a wizard
  8364 | D:11     | Paralysed by a wizard for 4 turns
  8369 | D:11     | Killed a wizard
  8376 | D:11     | Killed a deep elf annihilator
  8603 | D:11     | Identified the Guide on Supportive Air
  8666 | D:11     | Noticed a two-headed ogre
  8667 | D:11     | Noticed an unseen horror
  8682 | D:11     | Killed a two-headed ogre
  8682 | D:11     | Received a gift from Okawaru
  8686 | D:11     | Killed an unseen horror
  8686 | D:11     | Reached XP level 12. HP: 82/93 MP: 17/22
  9342 | D:12     | Found a staircase to the Orcish Mines.
  9349 | D:12     | Found a bloodstained altar of Trog.
  9820 | D:12     | You fall into a shaft and drop 2 floors!
 10106 | D:13     | Noticed Frances
 10122 | D:13     | Killed Frances
 10122 | D:13     | Received a gift from Okawaru
 10122 | D:13     | Reached skill level 10 in Fighting
 10123 | D:13     | Found the +3 pair of gauntlets of War {Slay+5}
 10331 | D:13     | Noticed a sun demon
 10438 | D:13     | Found a gate to the Vaults.
 10468 | D:13     | Noticed Jorgrun
 10490 | D:13     | Slain by Jorgrun

Levels and vault maps discovered:
D:1:      dpeg_arrival_morbid_curiosity, layout_loops_cross
D:2:      layout_basic, uniq_jessica
D:3:      layout_rooms, overflow_temple_1_default,
          gammafunk_ghost_abyssal_escape, nrook_mini_vaults
D:4:      layout_rooms, gammafunk_temple_overflow_wave, kennysheep_mini,
          minmay_temple_entry_trees, st_stairs_14, uniq_ijyb, uniq_edmund
D:5:      layout_cave_pools, gammafunk_temple_overflow_forgotten, first_ration,
          serial_shops, nicolae_shop_temple_entry_statues_fountains,
          uniq_eustachio
D:6:      layout_loops_ring, uniq_duvessa
D:7:      wander_river, layout_basic, nicolae_qazlal_general_emergency,
          lemuel_round_altar
D:8:      layout_cave_pools, minmay_lair_entry_grove, serial_undead,
          serial_undead_b, serial_undead_d, serial_undead_b, serial_undead_c,
          serial_undead_f, serial_undead_c
D:9:      layout_long_grid
D:10:     layout_roguey, serial_shops, shop
D:11:     cheibrodos_wizards_tower, layout_basic, basic_altar
D:12:     layout_irregular_city, erik_orc_4, basic_altar, serial_shops,
          shop_statue, enter_trove_2
D:13:     layout_basic, erik_vaults_1, uniq_frances, uniq_sonja, uniq_jorgrun
D:14:     layout_roguey, basic_altar, kennysheep_cross_bottleneck
Temple:   nicolae_temple_figure_eight

Skill      XL: |  1  2  3  4  5  6  7  8  9 10 11 12 |
---------------+-------------------------------------+-----
Invocations    | 1 2 3 4 5 6 7 8 |  8.4
Short Blades   | 1 2 3 4 5 6 7 |  7.7
Long Blades    | 1 2 3 4 5 6 7 |  7.7
Axes           | 1 2 3 4 5 6 7 |  7.7
Polearms       | 1 2 3 4 5 6 7 |  7.7
Slings         | 1 2 3 4 5 6 7 |  7.7
Bows           | 1 2 3 4 5 6 7 |  7.7
Crossbows      | 1 2 3 4 5 6 7 |  7.7
Shields        | 1 2 3 4 5 6 7 |  7.7
Unarmed Combat | 1 2 3 4 5 6 7 |  7.7
Spellcasting   | 1 2 3 4 5 6 7 |  7.7
Evocations     | 1 2 3 4 5 6 7 |  7.7
Conjurations   | 1 2 3 4 5 6 |  6.3
Hexes          | 1 2 3 4 5 6 |  6.3
Charms         | 1 2 3 4 5 6 |  6.3
Summonings     | 1 2 3 4 5 6 |  6.3
Necromancy     | 1 2 3 4 5 6 |  6.3
Translocations | 1 2 3 4 5 6 |  6.3
Transmutations | 1 2 3 4 5 6 |  6.3
Fire Magic     | 1 2 3 4 5 6 |  6.3
Ice Magic      | 1 2 3 4 5 6 |  6.3
Air Magic      | 1 2 3 4 5 6 |  6.3
Earth Magic    | 1 2 3 4 5 6 |  6.3
Poison Magic   | 1 2 3 4 5 6 |  6.3
Maces & Flails | 3 4 5 6 7 8 |  8.1
Staves         | 3 4 5 6 7 8 |  8.1
Throwing       | 3 4 5 6 7 8 |  8.1
Dodging        | 3 4 5 6 7 8 |  8.1
Stealth        | 3 4 5 6 7 8 |  8.1
Armour         | 5 6 7 8 9 |  9.0
Fighting       | 7 8 9 10 | 10.1

Action                   |  1- 3 |  4- 6 |  7- 9 | 10-12 || total
-------------------------+-------+-------+-------+-------++-------
Melee: Quarterstaff      |    69 |       |       |       ||    69
       Bite              |     3 |    20 |    17 |    80 ||   120
       Club              |       |   118 |       |       ||   118
       Long sword        |       |    30 |   157 |   517 ||   704
       Punch             |       |       |     3 |    24 ||    27
       Rapier            |       |       |       |    48 ||    48
Throw: Dart              |       |     6 |       |       ||     6
 Cast: Summon Butterflie |       |       |       |     1 ||     1
Invok: Heroism           |       |       |     2 |     8 ||    10
       Finesse           |       |       |       |     2 ||     2
  Use: Scroll            |       |     1 |     1 |     2 ||     4
 Stab: Sleeping          |     2 |     1 |       |     7 ||    10
       Distracted        |       |       |       |     1 ||     1
  Eat: Chunk             |       |     5 |     7 |    18 ||    30
       Ration            |       |       |       |     1 ||     1
Armor: Ring mail         |    37 |    52 |    77 |   210 ||   376
Dodge: Dodged            |    53 |   109 |   150 |   450 ||   762
       Rpst.: Long sword |       |    10 |    48 |   116 ||   174

Table legend:
 A = Non-vault XP
 B = Vault XP
 C = Vault XP percentage of total XP
 D = Non-vault monster count
 E = Vault monster count
 F = Vault count percentage of total count
                 A         B        C        D         E       F
            +---------+---------+-------+---------+---------+-------
      Total |   21325 |   10593 |  33.2 |     315 |      62 |  16.4
            +---------+---------+-------+---------+---------+-------
        D:1 |      23 |      10 |  30.3 |      16 |       5 |  23.8
        D:2 |      60 |      37 |  38.1 |      20 |       1 |   4.8
        D:3 |      57 |       0 |   0.0 |      22 |       0 |   0.0
        D:4 |     466 |     205 |  30.6 |      20 |       4 |  16.7
        D:5 |     656 |     191 |  22.6 |      20 |       1 |   4.8
        D:6 |     572 |     212 |  27.0 |      15 |       2 |  11.8
        D:7 |    1692 |       0 |   0.0 |      24 |       0 |   0.0
        D:8 |    1177 |    2631 |  69.1 |      29 |      26 |  47.3
        D:9 |    1706 |       0 |   0.0 |      32 |       0 |   0.0
       D:10 |    3096 |       0 |   0.0 |      27 |       0 |   0.0
       D:11 |    4235 |    2655 |  38.5 |      27 |       3 |  10.0
       D:12 |    3296 |     784 |  19.2 |      27 |      17 |  38.6
       D:13 |    3915 |    3868 |  49.7 |      33 |       3 |   8.3
       D:14 |     374 |       0 |   0.0 |       3 |       0 |   0.0
            +---------+---------+-------+---------+---------+-------
